 Dungeon Crawl Stone Soup version 0.28-b1-25-g9875b3fc8c (webtiles) character file.

Game seed: 10366702229546215545

4951 mopl the Covert (level 10, -5/68 HPs)
             Began as an Octopode Delver on Feb 7, 2022.
             Was a Follower of Dithmenos.
             Slain by Harold (13 damage)
             ... on level 7 of the Dungeon.
             The game lasted 00:19:29 (11901 turns).

mopl the Covert (Octopode Delver)                  Turns: 11901, Time: 00:19:30

Health: -5/68      AC:  1    Str: 13    XL:     10   Next: 52%
Magic:  12/12      EV: 16    Int: 16    God:    Dithmenos [*.....]
Gold:   482        SH:  6    Dex: 19    Spells: 5/9 levels left

rFire   + . .      SeeInvis .   a - +2 scimitar
rCold   . . .      Faith    .   n - +0 buckler
rNeg    . . .      Spirit   .   (helmet restricted)
rPois   .          Reflect  .   x - amulet "Atheesua" {RegenMP rF+ Int+4 Dex+2}
rElec   .          Harm     .   (no ring)
rCorr   .          Rampage  .   (no ring)
Will    .....                   (no ring)
Stlth   +++++++...              (no ring)
HPRegen 0.21/turn               (no ring)
MPRegen 0.53/turn               (no ring)
                                (no ring)
                                (no ring)

@: wreathed by umbra
A: almost no armour, amphibious, 8 rings, camouflage 1, gelatinous body 1,
(nimble swimmer 1), tentacles
a: Renounce Religion


You were on level 7 of the Dungeon.
You worshipped Dithmenos.
Dithmenos was aware of your devotion.
You visited 2 branches of the dungeon, and saw 8 of its levels.
You also visited: Sewer and Bailey.

You collected 1019 gold pieces.
You spent 537 gold pieces at shops.

Inventory:

Hand Weapons
 a - a +2 scimitar (weapon)
 o - a +2 whip of freezing
 D - a +0 falchion
 F - a +3 long sword
 I - the +2 rapier "Ushraukej" {flame, rCorr}
   (You found it in a bailey)

   It burns those it strikes, dealing additional fire damage.
   rCorr:     It protects you from acid and corrosion.
 J - the +8 battleaxe of a Gauntlet {freeze, rPois rF+ rN+}
   (You found it in a bailey)

   It freezes those it strikes, dealing additional cold damage.
   It can also slow down cold-blooded creatures.
   rF:        It protects you from fire.
   rPois:     It protects you from poison.
   rN:        It protects you from negative energy.
Missiles
 h - 24 poisoned darts (quivered)
 p - 2 throwing nets
 B - 20 boomerangs
Armour
 n - a +0 buckler (worn)
Jewellery
 x - the amulet "Atheesua" (around mantle) {RegenMP rF+ Int+4 Dex+2}
   (You found it on level 4 of the Dungeon)

   [amulet of magic regeneration]

   It increases your rate of magic regeneration.
   Int:       It affects your intelligence (+4).
   Dex:       It affects your dexterity (+2).
   rF:        It protects you from fire.
 y - a ring of protection from cold
 C - a +6 ring of strength
 H - a +4 ring of evasion
Wands
 f - a wand of digging (9)
Scrolls
 b - 4 scrolls of fog
 d - 2 scrolls of fear
 g - 3 scrolls of enchant armour {unknown}
 i - 8 scrolls of teleportation {unknown}
 m - 4 scrolls of amnesia
 t - a scroll of torment {unknown}
 w - a scroll of summoning
 A - 3 scrolls of vulnerability {unknown}
 E - 3 scrolls of enchant weapon
Potions
 c - 2 potions of magic {unknown}
 e - 5 potions of haste
 j - 4 potions of curing {unknown}
 l - 2 potions of heal wounds {unknown}
 q - a potion of lignification {!q}
 r - a potion of ambrosia {unknown}
 s - 2 potions of attraction {unknown}
 v - 2 potions of cancellation {unknown}
 z - a potion of mutation {!q}
 G - a potion of invisibility
 K - a potion of resistance


   Skills:
 + Level 6.2 Fighting
 * Level 8.1 Long Blades
 + Level 1.4 Throwing
 + Level 5.7 Dodging
 + Level 10.1 Stealth
 + Level 4.3 Shields
 + Level 4.4 Transmutations
 + Level 4.4 Earth Magic
 + Level 3.8 Invocations


You had 5 spell levels left.
You knew the following spells:

 Your Spells              Type           Power      Damage    Failure   Level
c - Petrify               Tmut/Erth      14%        N/A       45%         4

Your spell library contained the following spells:

 Spells                   Type           Power      Damage    Failure   Level
 Sublimation of Blood     Necr           0%         N/A       43%         2
 Irradiate                Conj/Tmut      3%         3d14      98%         5
 Summon Forest            Summ/Tloc      0%         N/A       100%        5
 Eringya's Noxious Bog    Tmut/Pois      3%         N/A       100%        6
 Summon Hydra             Summ           0%         N/A       100%        7


Dungeon Overview and Level Annotations

Branches:
Dungeon (7/15)             Temple (1/1) D:5           Sewer (visited)
 Bailey (visited)

Altars:
Ashenzari
Cheibriados
Dithmenos
Kikubaaqudgha
The Shining One

Shops:
D:4 *   D:6 [   D:7 **

Annotations:
D:7 Harold


Innate Abilities, Weirdness & Mutations

You cannot wear most types of armour.
You are amphibious.
You can wear up to eight rings at the same time.
Your skin changes colour to match your surroundings (Stealth+).
Your rubbery body absorbs attacks. (AC +1, EV +1)
((You are camouflaged when in or above water. (Stealth+)))
You have tentacles for arms and can constrict up to eight enemies at once.


Message History

A sentinel's mark forms upon you.
The goblin throws a boomerang.
The boomerang hits you.
Harold throws a throwing net.
The throwing net hits you.
You become entangled in the net!
There is a stone staircase leading up here.
You see here a throwing net.
You struggle against the net.
You struggle against the net.
The goblin throws a boomerang.
The boomerang closely misses you. Harold gestures at you while chanting.
The mark upon you grows brighter.
You struggle against the net.
Harold hits you from afar with a +0 glaive!
You rip the net and break free!
The goblin closely misses you. You block Harold's attack.
You block the goblin's attack. Harold hits you but does no damage.
You climb upwards.
There is a stone staircase leading down here.
You slash the goblin!
You kill the goblin!
Dithmenos accepts your kill.
B - 20 boomerangs (gained 1)
You start resting.
The sentinel's mark upon you fades away.
You start resting.
HP restored.
There is a stone staircase leading down here.
You climb downwards.
Level annotation: Harold
There is a stone staircase leading up, spattered with blood here.
Harold throws a throwing net.
The throwing net hits you.
You become entangled in the net!
You stop ascending the stairs.
You struggle against the net.
Harold hits you from afar with a +0 glaive!!
You struggle against the net.
Harold hits you from afar with a +0 glaive!!
* * * LOW HITPOINT WARNING * * *
You shred the net and break free! You block the orc's attack.
Harold hits you from afar with a +0 glaive!
You die...

≈≈≈≈.#.......###.###**.###......#
.....#..............##.,,#####..#
.....#.....#..........####♣∩♣#...
..............###.###g...........
.....#####(...# #................
............#.# #####o.##........
o......(.#....## #.####♣∩♣#...
....#.##.#.##.@### #.# #######
..Wo##.#...##..o@####÷######.# #
###o#.##..........<......##..###
#..Y##.#.##.........####.......##
#.#..o...##........######.####...
#.#o#######..................).##
.....#* ##....(..#####.######..
.$....#* #.....>.# #.#####..#
o......# #########***#.......##
.....(.# ****#..s....#######


You could see Harold and an orc.

Vanquished Creatures
  An orc warlord (Bailey)
  An orc knight (Bailey)
  9 yaks
  Eustachio (D:4)
  A black bear (D:5)
  An orc warrior (Bailey)
  A sky beast (D:5)
  3 ogres
  3 centaurs
  A phantom (D:7)
  3 kobold brigands (Sewer)
  3 scorpions
  A wyvern skeleton (D:6)
  4 wights (D:6)
  A howler monkey (D:5)
  A centaur zombie (D:7)
  A gnoll shaman (D:5)
  A hound (D:6)
  2 centaur skeletons
  3 orc priests
  Crazy Yiuf (D:5)
  An iguana (D:4)
  2 orc wizards (D:5)
  23 gnolls
  15 adders
  2 river rats
  4 worms
  A dart slug (D:1)
  10 orcs
  3 bats
  14 endoplasms
  A giant cockroach (D:3)
  9 goblins
  7 hobgoblins
  4 jackals (D:4)
  4 quokkas
  9 ball pythons
  7 frilled lizards
  24 kobolds
  10 rats
193 creatures vanquished.

Vanquished Creatures (others)
  6 plants (D:4)
6 creatures vanquished.

Grand Total: 199 creatures vanquished

Notes
Turn   | Place    | Note
-------+----------+-------------------------------------------
     0 | D:5      | mopl the Octopode Delver began the quest for the Orb.
     0 | D:5      | Reached XP level 1. HP: 16/16 MP: 1/1
     1 | D:5      | Noticed a scorpion
    18 | D:5      | Noticed a black bear
    27 | D:5      | Reached XP level 2. HP: 12/21 MP: 2/2
    34 | D:5      | Found a glowing drain.
    38 | Sewer    | Entered a sewer
   314 | Sewer    | Noticed a kobold brigand
   545 | Sewer    | Noticed a kobold brigand
   580 | Sewer    | Reached XP level 3. HP: 25/26 MP: 3/3
   955 | Sewer    | Noticed a kobold brigand
   986 | Sewer    | Killed a kobold brigand
   987 | Sewer    | Reached skill level 3 in Long Blades
   987 | Sewer    | Reached skill level 7 in Stealth
   987 | Sewer    | Reached XP level 4. HP: 13/31 MP: 4/4
  1274 | Sewer    | Reached XP level 5. HP: 26/36 MP: 5/5
  1782 | Sewer    | Killed a kobold brigand
  1783 | Sewer    | Reached skill level 4 in Long Blades
  1783 | Sewer    | Reached skill level 3 in Dodging
  2065 | Sewer    | Killed a kobold brigand
  2066 | Sewer    | Reached skill level 4 in Fighting
  2066 | Sewer    | Reached XP level 6. HP: 41/43 MP: 6/6
  2250 | D:4      | Noticed Eustachio
  2369 | D:1      | Found a faded altar of an unknown god.
  2880 | D:1      | Learned a level 4 spell: Petrify
  3802 | D:2      | Reached XP level 7. HP: 48/48 MP: 7/7
  4280 | D:3      | Found an ancient bone altar of Kikubaaqudgha.
  4286 | D:3      | Reached skill level 8 in Stealth
  4801 | D:4      | Reached skill level 5 in Long Blades
  4801 | D:4      | Reached skill level 1 in Shields
  4801 | D:4      | Reached skill level 1 in Transmutations
  4801 | D:4      | Reached skill level 1 in Earth Magic
  5061 | D:4      | Found Pidirrut's General Store.
  5077 | D:4      | Bought a scroll of summoning for 114 gold pieces
  5077 | D:4      | Bought a scroll of identify for 24 gold pieces
  5139 | D:4      | Killed Eustachio
  5295 | D:4      | Identified the amulet "Atheesua" {RegenMP rF+ Int+4 Dex+2}
  5627 | D:4      | Identified the +3 ring mail "Ythryguni" {Int+3}
  5775 | D:5      | Reached skill level 4 in Dodging
  5775 | D:5      | Reached XP level 8. HP: 46/54 MP: 8/8
  5815 | D:5      | Found a runed translucent door.
  5816 | D:5      | Noticed Crazy Yiuf
  5907 | D:5      | Reached skill level 2 in Transmutations
  6088 | D:5      | Reached skill level 2 in Earth Magic
  6116 | D:5      | Reached skill level 2 in Shields
  6572 | D:5      | Found a staircase to the Ecumenical Temple.
  6592 | D:5      | Reached skill level 6 in Long Blades
  6600 | Temple   | Entered the Ecumenical Temple
  6609 | Temple   | Became a worshipper of Dithmenos the Shadowed
  6934 | D:5      | Reached skill level 5 in Fighting
  6990 | D:5      | Killed Crazy Yiuf
  7180 | D:6      | Noticed a yak
  7183 | D:6      | Noticed a yak
  7183 | D:6      | Noticed a yak
  7184 | D:6      | Noticed a yak
  7191 | D:6      | Noticed a yak
  7195 | D:6      | Noticed a yak
  7218 | D:5      | Killed a yak
  7219 | D:5      | Reached skill level 1 in Invocations
  7919 | D:5      | Reached XP level 9. HP: 51/61 MP: 9/9
  8003 | D:6      | Reached skill level 9 in Stealth
  8015 | D:6      | Reached skill level 3 in Transmutations
  8355 | D:6      | Reached skill level 3 in Shields
  8355 | D:6      | Reached skill level 3 in Earth Magic
  8743 | D:6      | HP: 2/60 [wight (10)]
  9159 | D:6      | Reached skill level 2 in Invocations
  9235 | D:6      | Found Cyoram's Antique Armour Emporium.
  9429 | D:6      | Reached skill level 7 in Long Blades
  9429 | D:6      | Reached skill level 5 in Dodging
  9740 | D:7      | Found Agiadoh's Specific Store.
  9743 | D:7      | Found Cucyot's General Store.
  9808 | D:7      | Noticed Harold
  9817 | D:7      | Found a flagged portal.
  9838 | Bailey   | Entered a bailey
 10272 | Bailey   | Noticed an orc warlord
 10335 | Bailey   | Noticed an orc knight
 10544 | Bailey   | Reached * piety under Dithmenos
 10677 | Bailey   | Killed an orc knight
 10678 | Bailey   | Reached skill level 4 in Transmutations
 10678 | Bailey   | Reached skill level 3 in Invocations
 10678 | Bailey   | Reached XP level 10. HP: 59/68 MP: 12/12
 10742 | Bailey   | Found a runed translucent gate.
 10743 | Bailey   | Found a runed translucent gate.
 10744 | Bailey   | Found a runed translucent gate.
 10975 | Bailey   | Killed an orc warlord
 10976 | Bailey   | Reached skill level 6 in Fighting
 10976 | Bailey   | Reached skill level 1 in Throwing
 10976 | Bailey   | Reached skill level 10 in Stealth
 10976 | Bailey   | Reached skill level 4 in Shields
 10976 | Bailey   | Reached skill level 4 in Earth Magic
 11043 | Bailey   | Identified the +2 rapier "Ushraukej" {flame, rCorr}
 11052 | Bailey   | Identified the +8 battleaxe of a Gauntlet {freeze, rPois
                  | rF+ rN+}
 11060 | Bailey   | Acquired 649 gold pieces
 11283 | D:7      | Bought a scroll of amnesia for 49 gold pieces
 11283 | D:7      | Bought a scroll of enchant weapon for 105 gold pieces
 11283 | D:7      | Bought a scroll of amnesia for 49 gold pieces
 11283 | D:7      | Bought a scroll of identify for 28 gold pieces
 11283 | D:7      | Bought a scroll of fog for 28 gold pieces
 11283 | D:7      | Bought a potion of resistance for 140 gold pieces
 11309 | D:7      | Reached skill level 8 in Long Blades
 11901 | D:7      | Slain by Harold

Illustrated notes

Levels and vault maps discovered:
D:1:      minmay_arrival_wavy_path, layout_rooms, shapermc_ecumenical_altar_gd,
          minmay_distorted
D:2:      layout_loops_cross
D:3:      minmay_wonky_spiral, layout_rooms, mainiacjoe_overflow_surrounded_room
D:4:      cheibrodos_helix_gallery, layout_basic, serial_shops,
          nicolae_shop_stone, minmay_lizard_king, uniq_eustachio
D:5:      layout_loops_ring, minmay_temple_entry_arrows, gup_sewer_entry_bowl,
          uniq_crazy_yiuf_cottage
D:6:      layout_basic, serial_shops, shop, minivault_24
D:7:      layout_rooms, enter_bailey_5, chequers_serial_rivers_micro_d,
          minmay_misc_feat_tiny, nicolae_specific_store, nrook_mini_vaults,
          uniq_harold
Temple:   regret_index_temple_mists

Skill      XL: |  1  2  3  4  5  6  7  8  9 10 |
---------------+-------------------------------+-----
Long Blades    | 3 4 5 6 7 8 |  8.1
Stealth        | 7 8 9 10 | 10.1
Dodging        | 3 4 5 |  5.7
Fighting       | 4 5 6 |  6.2
Shields        | 1 2 3 4 |  4.3
Transmutations | 1 2 4 |  4.4
Earth Magic    | 1 2 3 4 |  4.4
Invocations    | 1 3 |  3.8
Throwing       | 1 |  1.4

Action                   |  1- 3 |  4- 6 |  7- 9 | 10-12 || total
-------------------------+-------+-------+-------+-------++-------
Melee: Falchion          |    42 |   107 |   212 |       ||   361
       Tentacles         |     9 |    31 |    64 |    13 ||   117
       Constrict         |     9 |    33 |    58 |     4 ||   104
       Punch             |       |     2 |     5 |     2 ||     9
       Scimitar          |       |       |    70 |    49 ||   119
       Long sword        |       |       |     8 |       ||     8
Throw: Dart              |       |     5 |    79 |    34 ||   118
       Boomerang         |       |       |       |     7 ||     7
  Use: Scroll            |       |       |     2 |     5 ||     7
 Stab: Sleeping          |     5 |    19 |    22 |     1 ||    47
       Distracted        |       |       |     2 |       ||     2
Armor: Skin              |     1 |     1 |    15 |     3 ||    20
Dodge: Dodged            |    11 |    46 |   213 |    45 ||   315
Block: Buckler           |       |     6 |    68 |    17 ||    91
